 Dungeon Crawl Stone Soup version 0.30-a0-802-gb92711bcdf (webtiles) character file.

Game seed: 18063616051066129953

28 Newt the Trooper (level 3, -3/29 HPs)
             Began as a Demonspawn Gladiator on Feb 24, 2023.
             Slain by a kobold
             ... wielding a +1 short sword of freezing
              (5 damage)
             ... on level 2 of the Dungeon.
             The game lasted 00:01:03 (1030 turns).

Newt the Trooper (Demonspawn Gladiator)             Turns: 1030, Time: 00:01:04

Health: -3/29      AC: 11    Str: 15 (16) XL:     3   Next: 0%
Magic:  3/3        EV:  9    Int:  8 (9)  God:
Gold:   30         SH:  0    Dex: 11 (14) Spells: 2/2 levels left

rFire   . . .      SeeInvis .    a - +0 rapier
rCold   . . .      Faith    .    (no shield)
rNeg    . . .      Spirit   .    b - +0 leather armour
rPois   .          Reflect  .    c - +0 helmet
rElec   .          Harm     .    (no cloak)
rCorr   .          Rampage  .    (no gloves)
Will    .....                    l - +0 pair of boots
Stlth   +                        (no amulet)
HPRegen 0.24/turn                (no ring)
MPRegen 0.08/turn                (no ring)

@: confused, lethally poisoned (-3 -> -14), sanguine armoured, flying,
constricted
A: sanguine armour 1
a: no special abilities


You were on level 2 of the Dungeon.
You visited 1 branch of the dungeon, and saw 2 of its levels.

You collected 30 gold pieces.

Inventory:

Hand Weapons
 a - a +0 rapier (weapon)
Missiles
 d - 2 throwing nets (quivered)
Armour
 b - a +0 leather armour (worn)
 c - a +0 helmet (worn)
 l - a +0 pair of boots (worn)
Scrolls
 f - a scroll of fog {unknown}
 i - a scroll of teleportation {unknown}
 j - a scroll of identify {unknown}
Potions
 k - a potion of magic {unknown}


   Skills:
 + Level 3.0 Fighting
 - Level 2.6 Short Blades
 - Level 1.7 Throwing
 - Level 2.6 Dodging
 - Level 1.5 Stealth


You had 2 spell levels left.
You didn't know any spells.
Your spell library was empty.

Dungeon Overview and Level Annotations

Branches:
Dungeon (2/15)

Altars:

Annotations:
D:2 Sigmund


Innate Abilities, Weirdness & Mutations

When seriously injured, your blood forms armour. (AC +6)


Message History

Sigmund casts a spell at you.
You are more confused.
You hit the ball python.
The ball python is severely wounded.
The ball python bites you but does no damage.
The ball python constricts you. The kobold hits you but does no damage.
Sigmund hits you with a +3 scythe of venom.
You are poisoned.
The ball python bites you but does no damage.
The ball python constricts you.
You hit Sigmund.
Sigmund is severely wounded.
Your blood congeals into armour.
You feel very sick. The kobold barely misses you.
The ball python barely misses you. The ball python constricts you.
You bump into the rock wall.
You feel very sick. Sigmund barely misses you.
The kobold hits you with a +1 short sword of freezing.
The kobold freezes you. The ball python bites you.
The ball python constricts you.
It was a potion of degeneration.
There was something very wrong with that liquid.
You feel weakened.
You feel dopey.
You feel clumsy.
* * * LOW HITPOINT WARNING * * *
You feel sick. The kobold hits you but does no damage.
The ball python bites you but does no damage.
The ball python constricts you.
Sigmund hits you with a +3 scythe of venom.
* * * LOW HITPOINT WARNING * * *
You are more poisoned.
It was a potion of flight.
You feel very buoyant.
You fly up into the air.
* * * LOW HITPOINT WARNING * * *
You feel very sick. The ball python closely misses you.
The ball python constricts you.
The kobold hits you with a +1 short sword of freezing.
You die...

#.#.##
#....
....#
#..(# #
#...# ..
#...##?.#
#@.......
#@S......
#K..##..#
#...#
.......
##.#.!....
#.####..#
#.# ...
#.# .# #.#


You could see Sigmund (resistant), a ball python and a kobold.

Vanquished Creatures
  A dart slug (D:1)
  4 endoplasms (D:1)
  2 goblins (D:1)
  2 hobgoblins (D:1)
  2 jackals (D:1)
  2 kobolds (D:1)
  2 quokkas (D:1)
  A ball python (D:1)
  3 bats (D:1)
  A frilled lizard (D:1)
  4 rats (D:1)
24 creatures vanquished.

Notes
Turn   | Place    | Note
-------+----------+-------------------------------------------
     0 | D:1      | Newt the Demonspawn Gladiator began the quest for the Orb.
     0 | D:1      | Reached XP level 1. HP: 16/16 MP: 1/1
   170 | D:1      | Reached skill level 1 in Stealth
   233 | D:1      | Gained mutation: When seriously injured, your blood forms
                  | armour. (AC +6) [demonic ancestry]
   233 | D:1      | Reached XP level 2. HP: 10/22 MP: 2/2
   758 | D:1      | Reached skill level 3 in Fighting
   886 | D:1      | Reached XP level 3. HP: 19/29 MP: 3/3
  1015 | D:2      | Noticed Sigmund
  1030 | D:2      | Slain by a kobold

Illustrated notes

Levels and vault maps discovered:
D:1:      dpeg_arrival_circle_labyrinth_a, layout_basic
D:2:      minmay_roachtagon, layout_loops_ring, basic_altar, kennysheep_boxes,
          uniq_sigmund

Skill      XL: |  1  2 |
---------------+-------+-----
Stealth        | 1 |  1.5
Fighting       | 3 |  3.0
Short Blades   | |  2.6
Throwing       | |  1.7
Dodging        | |  2.6

Action                     || total
---------------------------++-------
  Melee: Rapier            ||    92
         Punch             ||     2
  Throw: Javelin           ||     2
         Throwing net      ||     1
    Use: Potion            ||     2
 Armour: Leather armour    ||    36
  Dodge: Dodged            ||    88

Table legend: (Time is in decaauts)
 A = Elapsed time spent in this place.
 B = Non-inter-level travel time spent in this place.
 C = Inter-level travel time spent in this place.
 D = Time resting spent in this place.
 E = Time spent auto-exploring this place.
 F = Levels seen in this place.
 G = Mean time per level.
                   A        B        C        D        E       F      G
               +--------+--------+--------+--------+--------+-----+--------+
         Total |   1036 |    956 |     80 |     47 |    718 |   2 |  518.0 |
       Dungeon |   1036 |    956 |     80 |     47 |    718 |   2 |  518.0 |
               +--------+--------+--------+--------+--------+-----+--------+

Top non-repeatable levels by time:
     D:1: 1021 daAuts
     D:2: 15 daAuts
